 Dungeon Crawl Stone Soup version 0.23.2-1-ga50397a6bc (webtiles) character file.

Game seed: 6912402635727498363

85 Paidos the Chiller (level 4, -8/35 HPs)
             Began as a Merfolk Ice Elementalist on May 3, 2019.
             Mangled by a gnoll
             ... wielding a +0 spear
              (10 damage)
             ... on level 3 of the Dungeon.
             The game lasted 00:12:57 (2751 turns).

Paidos the Chiller (Merfolk Ice Elementalist)       Turns: 2751, Time: 00:13:02

Health: -8/35      AC:  3    Str:  9    XL:     4   Next: 48%
Magic:  6/7        EV: 12    Int: 14    God:
Gold:   89         SH:  0    Dex: 14    Spells: 6/7 levels left

rFire    . . .     SeeInvis .   j - +0 spear
rCold    . . .     Gourm    .   (no shield)
rNeg     . . .     Faith    .   m - +0 leather armour
rPois    .         Spirit   .   (no helmet)
rElec    .         Reflect  .   (no cloak)
rCorr    .         Harm     .   (no gloves)
MR       .....                  (no boots)
Stlth    ++........             (no amulet)
HPRegen  0.11/turn              (no ring)
MPRegen  0.10/turn              (no ring)

@: no status effects
A: change form in water, swift swim, stealthy swim
a: no special abilities


You were on level 3 of the Dungeon.
You were not hungry.

You visited 1 branch of the dungeon, and saw 3 of its levels.

You collected 89 gold pieces.

Inventory:

Hand Weapons
 g - a +0 club
 j - a +0 spear (weapon)
Armour
 a - a +0 robe
 m - a +0 leather armour (worn)
Wands
 l - a wand of polymorph (12)
Scrolls
 h - 3 scrolls of remove curse
 i - 3 scrolls of identify
 k - a scroll of magic mapping {unknown}
 n - a scroll of enchant weapon {unknown}
Potions
 d - a potion of degeneration
 e - a potion of heal wounds {unknown}
 f - 3 potions of curing {unknown}
Comestibles
 c - 10 rations


   Skills:
 * Level 3.0 Fighting
 + Level 2.1 Polearms
 - Level 2.6 Dodging
 - Level 2.1 Stealth
 - Level 2.1 Spellcasting
   Level 0.7 Conjurations
 + Level 4.0 Ice Magic


You had 6 spell levels left.
You knew the following spells:

 Your Spells              Type           Power        Failure   Level  Hunger
a - Freeze                Ice            ##..         6%          1    #......

Your spell library contained the following spells:

 Spells                   Type           Power        Failure   Level  Hunger
 Throw Frost              Conj/Ice       #.....       19%         2    ###....
 Ozocubu's Armour         Chrm/Ice       #.......     41%         3    ###....
 Throw Icicle             Conj/Ice       #.......     77%         4    #####..
 Summon Ice Beast         Ice/Summ       #.......     82%         4    #####..


Dungeon Overview and Level Annotations

Branches:
Dungeon (3/15)

Altars:
Nemelex Xobeh

Annotations:
D:3 Jessica


Message History

The gnoll hits you from afar with a +0 spear!
The gnoll hits you with a +0 club.
* * * LOW HITPOINT WARNING * * *
As you read the scroll labeled CILIRCHOISS, it crumbles to dust.
It is a scroll of amnesia.
Okay, then.
A stone appears from out of thin air!
The stone hits you.
* * * LOW HITPOINT WARNING * * *
The gnoll hits you from afar with a +0 spear.
* * * LOW HITPOINT WARNING * * *
The gnoll barely misses you. The gnoll closely misses you.
As you read the scroll labeled QEBBAI XOUC, it crumbles to dust.
It is a scroll of identify.
d - a potion of degeneration A stone appears from out of thin air!
The stone barely misses you.
The stone barely misses the gnoll.
Jessica mumbles some strange words.
Jessica blinks!
The gnoll hits you from afar with a +0 spear!
You die...

#.# ##.## ##...##
#######
#####...ยง.###.....####
........{((((.{##.....
#######(#####.......#
#.# #.###@..# #.# #.#
..# #@# #.# @ #.g.# #..
#.g.g.# ### #..(....#
#.........#
.'.........'.
###.........###
##.......##


You could see 3 gnolls.

Vanquished Creatures
  A gnoll (D:3)
  4 adders
  A worm (D:2)
  A leopard gecko (D:2)
  2 giant cockroaches (D:2)
  4 goblins
  6 hobgoblins
  4 kobolds
  A quokka (D:2)
  4 bats
  3 frilled lizards
  7 rats
38 creatures vanquished.

Notes
Turn   | Place    | Note
-------+----------+-------------------------------------------
     0 | D:1      | Paidos the Merfolk Ice Elementalist began the quest for the
                  | Orb.
     0 | D:1      | Reached XP level 1. HP: 13/13 MP: 3/3
   291 | D:1      | Reached skill level 1 in Fighting
   390 | D:1      | Reached XP level 2. HP: 21/21 MP: 0/5
  1004 | D:2      | Found a faded altar of an unknown god.
  1160 | D:2      | Found a sparkling altar of Nemelex Xobeh.
  1209 | D:2      | Reached XP level 3. HP: 13/27 MP: 6/6
  1541 | D:2      | Reached skill level 1 in Polearms
  2457 | D:3      | Reached XP level 4. HP: 34/34 MP: 5/7
  2587 | D:3      | Reached skill level 4 in Ice Magic
  2732 | D:3      | Noticed Jessica
  2751 | D:3      | Mangled by a gnoll

Skill      XL: |  1  2  3  4 |
---------------+-------------+-----
Fighting       | 1 2 3 |  3.0
Polearms       | 1 2 |  2.1
Ice Magic      | 4 |  4.0
Dodging        | |  2.6
Stealth        | |  2.1
Spellcasting   | |  2.1
Conjurations   | |  0.7

Action                   |  1- 3 |  4- 6 || total
-------------------------+-------+-------++-------
Melee: Unarmed           |    10 |       ||    10
       Spear             |    67 |    26 ||    93
 Cast: Freeze            |    28 |     3 ||    31
  Use: Scroll            |     1 |     2 ||     3
 Stab: Sleeping          |     5 |     1 ||     6
       Distracted        |     1 |     1 ||     2
  Eat: Chunk             |     4 |     2 ||     6
Armor: Robe              |     1 |       ||     1
       Leather armour    |    18 |    12 ||    30
Dodge: Dodged            |    49 |    17 ||    66
